 Dungeon Crawl Stone Soup version 0.31-a0-229-g1fc7ce93e2 (webtiles) character file.

Game seed: 18402828547558978047

970 qw the Skirmisher (level 8, -1/48 HPs)
             Began as a Gargoyle Hexslinger on July 6, 2023.
             Was a Follower of Okawaru.
             Slain by a gnoll
             ... wielding a +2 flail of protection
             ... led by a gnoll sergeant
              (8 damage)
             ... on level 5 of the Dungeon.
             The game lasted 00:01:47 (3129 turns).

qw the Skirmisher (Gargoyle Hexslinger)             Turns: 3129, Time: 00:01:48

Health: -1/48      AC:  9    Str: 13    XL:     8   Next: 16%
Magic:  7/9        EV: 16    Int: 13    God:    Okawaru [*.....]
Gold:   63         SH:  0    Dex: 20    Spells: 8/9 levels left

rFire   . . .        Y - +0 shortbow
rCold   . . .        (shield currently unavailable)
rNeg    + . .        c - +1 robe {Will+}
rPois   inf          (no helmet)
rElec   +            (no cloak)
rCorr   .            (no gloves)
SInv    .            (no boots)
Will    +....        (no amulet)
Stlth   +++          i - +6 ring of dexterity
HPRegen 0.28/turn    (no ring)
MPRegen 0.11/turn

%: no passive effects
@: heroic
A: sickness immunity, AC +5, negative energy resistance 1, electricity
resistance, torment resistance 1, petrification resistance, MP-powered wands
a: Renounce Religion, Heroism


You were on level 5 of the Dungeon.
You worshipped Okawaru.
Okawaru was aware of your devotion.
You visited 2 branches of the dungeon, and saw 6 of its levels.

You collected 223 gold pieces.
You spent 160 gold pieces at shops.


Innate Abilities, Weirdness & Mutations

You are immune to sickness and miasma.
Your stone body is resilient. (AC +5)
You are immune to poison.
You resist negative energy. (rN+)
You are resistant to electric shocks. (rElec)
You are resistant to unholy torment.
You are immune to petrification.
You expend magic power (3 MP) to strengthen your wands.


   Skills:
 + Level 4.2(9.2) Fighting
 - Level 8.3(13.3) Ranged Weapons
 - Level 1.0(6.0) Armour
 - Level 2.0(7.0) Dodging
 - Level 1.0 Spellcasting
 - Level 2.6 Hexes
 + Level 0.0 Invocations


You had 8 spell levels left.
You knew the following spells:

 Your Spells              Type           Power      Damage    Failure   Level
a - Slow                  Hex            28%        N/A       10%         1

Your spell library contained the following spells:

 Spells                   Type           Power      Damage    Failure   Level
 Inner Flame              Hex/Fire       4%         N/A       43%         3
 Portal Projectile        Hex/Tloc       8%         N/A       43%         3
 Cause Fear               Hex            3%         N/A       67%         4

Inventory:

Hand Weapons
 Y - a +0 shortbow (weapon)
Armour
 c - a +1 robe of willpower (worn)
 d - a +0 ring mail
Jewellery
 i - a +6 ring of dexterity (left hand)
Wands
 g - a wand of digging (5)
Scrolls
 a - 5 scrolls of identify
Potions
 b - a potion of enlightenment {unknown}
 f - a potion of cancellation
 h - a potion of curing
 j - a potion of mutation

Dungeon Overview and Level Annotations

Branches:
Dungeon (5/15)             Temple (1/1) D:4

Altars:
Ashenzari
Dithmenos
Fedhas
Hepliaklqana
Kikubaaqudgha
Makhleb
Okawaru
Qazlal
Uskayaw
Vehumet
Wu Jian
Yredelemnul
The Shining One
Lugonu

Shops:
D:1 [   D:4 ?*


Message History

The gnoll hits you but does no damage. The black bear barely misses you. x2
The black bear claws you.
You shoot an arrow. The arrow barely misses the black bear.
The arrow hits the gnoll.
The gnoll is lightly wounded.
The black bear bites you.
The black bear claws you but does no damage. x2
The gnoll sergeant closely misses you. The gnoll closely misses you.
You shoot an arrow. The arrow hits the black bear.
The black bear is almost dead.
The black bear barely misses you. The black bear claws you.
The black bear claws you but does no damage.
The gnoll sergeant misses you. The gnoll barely misses you.
The black bear closely misses you. The black bear completely misses you.
The black bear claws you.
You shoot an arrow.
The arrow closely misses the black bear.
The arrow hits the gnoll but does no damage.
The gnoll is lightly wounded.
The black bear bites you. The black bear claws you.
The black bear closely misses you. The gnoll sergeant closely misses you.
The gnoll barely misses you.
You shoot an arrow. The arrow hits the black bear.
The black bear is almost dead.
The black bear bites you. The black bear closely misses you. x2
The gnoll sergeant hits you from afar with a +0 spear.
The gnoll hits you but does no damage. The black bear misses you.
The black bear claws you but does no damage.
The black bear completely misses you.
You shoot an arrow. The arrow hits the black bear.
You kill the black bear!
Okawaru accepts your kill.
You can now gain great but temporary skills.
The gnoll sergeant hits you but does no damage.
The gnoll hits you with a +0 club.
Your Ranged Weapons skill increases to level 8!
3129 ||| INVOKING Heroism.
You gain the combat prowess of a mighty hero.
The gnoll hits you with a +2 flail of protection!
You die...

#..........#
##.#[####### ......
####.#.# ...... ...#.#.#
...... )#.#.#.#
#####...... ...#)#)##
.......... ...#....
...gg.....
.#.#...#######.#ggg.....
#......#.......#@#
.....#.#.......#)#
.....#.#.......#.#
...###(#.......#.####
>..............#....#
..#####.......#####.#
..# ##......# #.# .##
###..##### #.# .#
##.....###.#


You could see a gnoll sergeant and 4 gnolls.

Vanquished Creatures
  A black bear (D:5)
  2 ice beasts (D:5)
  A phantom (D:4)
  2 scorpions
  A howler monkey (D:5)
  2 hounds
  An orc priest (D:4)
  Terence (D:3)
  Jessica (D:3)
  Natasha (twice) (D:3)
  An iguana (D:4)
  4 orc wizards
  5 adders
  A worm (D:2)
  A dart slug (D:2)
  12 orcs
  5 ball pythons
  7 bats
  9 endoplasms
  4 giant cockroaches
  5 goblins
  5 hobgoblins
  5 jackals
  A quokka (D:1)
  4 frilled lizards
  10 kobolds
  9 rats
102 creatures vanquished.

Notes
Turn   | Place    | Note
-------+----------+-------------------------------------------
     0 | D:1      | qw the Gargoyle Hexslinger began the quest for the Orb.
     0 | D:1      | Reached XP level 1. HP: 12/12 MP: 2/2
     0 | D:1      | 0 ||| qw: Version: 0.3-a-46-gb1f654a
     0 | D:1      | 0 ||| qw: Game counter: 1710
     0 | D:1      | 0 ||| qw: Melee chars always use a shield: true
     0 | D:1      | 0 ||| qw: God list: Okawaru
     0 | D:1      | 0 ||| qw: Allow faded altars: false
     0 | D:1      | 0 ||| qw: Do Orc after clearing Dungeon:15 true
     0 | D:1      | 0 ||| qw: Do second Lair branch before Depths: true
     0 | D:1      | 0 ||| qw: Lair rune preference: random
     0 | D:1      | 0 ||| qw: Goals: Normal
     0 | D:1      | 0 ||| PLANNING D:1-11
    63 | D:1      | Reached XP level 2. HP: 12/16 MP: 3/3
    66 | D:1      | HP: 3/16 [frilled lizard (2)]
   140 | D:1      | Found Xaann's Antique Armour Boutique.
   162 | D:1      | Reached skill level 3 in Ranged Weapons
   257 | D:1      | 257 ||| SHOPLISTING embroidered cloak (217 gold, have 23).
   257 | D:1      | 257 ||| SHOPLISTING pair of boots (130 gold, have 23).
   416 | D:1      | Reached XP level 3. HP: 21/21 MP: 4/4
   566 | D:1      | 566 ||| UPGRADING to +0 ring mail.
   576 | D:1      | 576 ||| DROPPING +0 robe.
   577 | D:1      | 577 ||| READING 2 scrolls labelled KIUZUO TIPO.
   578 | D:1      | 578 ||| DROPPING scroll of poison.
   952 | D:2      | Reached XP level 4. HP: 26/26 MP: 5/5
  1338 | D:2      | 1338 ||| DROPPING amulet of magic regeneration.
  1339 | D:2      | 1339 ||| UPGRADING to +6 ring of dexterity.
  1340 | D:2      | 1340 ||| READING scroll labelled DAHIEL AHOD.
  1341 | D:2      | 1341 ||| READING scroll labelled OPOUCU GONGILU.
  1342 | D:2      | 1342 ||| READING scroll labelled JYPOER ETRISM.
  1343 | D:2      | 1343 ||| READING scroll labelled CERUPU AGURHUL.
  1344 | D:2      | 1344 ||| DRINKING 2 bubbling silvery potions.
  1345 | D:2      | 1345 ||| READING 2 scrolls of identify.
  1345 | D:2      | 1345 ||| IDENTIFYING bubbling emerald potion
  1346 | D:2      | 1346 ||| DROPPING potion of brilliance.
  1406 | D:3      | Noticed a scorpion
  1411 | D:3      | Killed a scorpion
  1412 | D:3      | Reached skill level 4 in Ranged Weapons
  1412 | D:3      | Reached XP level 5. HP: 30/30 MP: 6/6
  1418 | D:3      | 1418 ||| READING scroll of enchant weapon.
  1418 | D:3      | 1418 ||| ENCHANTING +2 sling.
  1428 | D:3      | Reached skill level 1 in Armour
  1439 | D:3      | Reached skill level 5 in Ranged Weapons
  1441 | D:3      | 1441 ||| FLEEEEING.
  1442 | D:3      | 1442 ||| FLEEEEING.
  1443 | D:3      | 1443 ||| FLEEEEING.
  1444 | D:3      | 1444 ||| FLEEEEING.
  1445 | D:3      | 1445 ||| FLEEEEING.
  1451 | D:3      | 1451 ||| FLEEEEING.
  1452 | D:3      | 1452 ||| FLEEEEING.
  1453 | D:3      | 1453 ||| FLEEEEING.
  1454 | D:3      | 1454 ||| STAIRDANCE
  1508 | D:3      | Found a glowing golden altar of the Shining One.
  1539 | D:3      | Noticed Terence
  1547 | D:3      | 1547 ||| DRINKING 2 fuming emerald potions.
  1563 | D:3      | 1563 ||| FLEEEEING.
  1564 | D:3      | 1564 ||| FLEEEEING.
  1565 | D:3      | 1565 ||| FLEEEEING.
  1577 | D:3      | Killed Terence
  1720 | D:3      | Noticed Natasha
  1728 | D:3      | Killed Natasha
  1729 | D:3      | Reached skill level 3 in Fighting
  1729 | D:3      | Reached XP level 6. HP: 33/37 MP: 7/7
  1764 | D:3      | Noticed Jessica
  1767 | D:3      | Killed Jessica
  1920 | D:3      | Noticed Natasha
  1928 | D:3      | Killed Natasha
  1959 | D:3      | 1959 ||| DRINKING 2 smoky clear potions.
  1959 | D:3      | Gained mutation: You expend magic power (3 MP) to
                  | strengthen your wands. [potion of mutation]
  1960 | D:3      | 1960 ||| READING 2 scrolls of identify.
  1960 | D:3      | 1960 ||| IDENTIFYING lumpy dark potion
  1961 | D:3      | 1961 ||| DROPPING potion of berserk rage.
  1962 | D:3      | 1962 ||| DROPPING potion of ambrosia.
  2003 | D:4      | Reached skill level 6 in Ranged Weapons
  2101 | D:4      | Found Abueng's General Store.
  2121 | D:4      | 2121 ||| BUYING +0 shortbow (30 gold).
  2121 | D:4      | Bought a +0 shortbow for 30 gold pieces
  2121 | D:4      | 2121 ||| SHOPLISTING +4 shortbow of flaming (274 gold, have
                  | 104).
  2121 | D:4      | 2121 ||| BUYING scroll of teleportation (30 gold).
  2121 | D:4      | Bought a scroll of teleportation for 30 gold pieces
  2121 | D:4      | 2121 ||| SWAPPING to +0 shortbow.
  2122 | D:4      | 2122 ||| DROPPING +3 sling.
  2170 | D:4      | Reached XP level 7. HP: 26/43 MP: 8/8
  2243 | D:4      | Found a staircase to the Ecumenical Temple.
  2244 | D:4      | 2244 ||| PLANNING TEMPLE
  2244 | D:4      | 2244 ||| DRINKING 2 blue potions.
  2252 | Temple   | Entered the Ecumenical Temple
  2263 | Temple   | 2263 ||| PLANNING OKAWARU WORSHIP
  2364 | Temple   | Became a worshipper of Warmaster Okawaru
  2365 | Temple   | 2365 ||| PLANNING D:1-11
  2537 | D:4      | Found a radiant altar of Vehumet.
  2652 | D:4      | 2652 ||| Stepping ~*~*~tactically~*~*~ (outnumbered).
  2654 | D:4      | 2654 ||| Stepping ~*~*~tactically~*~*~ (outnumbered).
  2667 | D:4      | HP: 10/43 [orc wizard/+0 dagger of holy wrath (2)]
  2668 | D:4      | 2668 ||| READING scroll of teleportation.
  2669 | D:4      | 2669 ||| DRINKING potion of heal wounds.
  2770 | D:4      | Found a burning altar of Makhleb.
  2771 | D:4      | Found Malarph's Magic Scroll Emporium.
  2781 | D:4      | 2781 ||| BUYING scroll of identify (20 gold).
  2781 | D:4      | Bought a scroll of identify for 20 gold pieces
  2781 | D:4      | 2781 ||| BUYING scroll of identify (20 gold).
  2781 | D:4      | Bought a scroll of identify for 20 gold pieces
  2781 | D:4      | 2781 ||| BUYING scroll of identify (20 gold).
  2781 | D:4      | Bought a scroll of identify for 20 gold pieces
  2781 | D:4      | 2781 ||| BUYING scroll of identify (20 gold).
  2781 | D:4      | Bought a scroll of identify for 20 gold pieces
  2781 | D:4      | 2781 ||| BUYING scroll of identify (20 gold).
  2781 | D:4      | Bought a scroll of identify for 20 gold pieces
  2789 | D:4      | Found a blossoming altar of Fedhas.
  2861 | D:4      | 2861 ||| UPGRADING to +1 robe of willpower.
  2871 | D:4      | 2871 ||| READING scroll labelled NUAP RURUESENI.
  2872 | D:4      | 2872 ||| READING 6 scrolls of identify.
  2872 | D:4      | 2872 ||| IDENTIFYING lumpy blue potion
  2905 | D:5      | Entered Level 5 of the Dungeon
  2937 | D:5      | Reached skill level 7 in Ranged Weapons
  2990 | D:5      | 2990 ||| FLEEEEING.
  2998 | D:5      | 2998 ||| STAIRDANCE
  3091 | D:5      | Reached XP level 8. HP: 48/48 MP: 9/9
  3126 | D:5      | HP: 12/48 [black bear (3)]
  3128 | D:5      | Reached * piety under Okawaru
  3129 | D:5      | Reached skill level 8 in Ranged Weapons
  3129 | D:5      | 3129 ||| INVOKING Heroism.
  3129 | D:5      | Slain by a gnoll

Levels and vault maps discovered:
D:1:      roderic_chinese_lattice_arrival, layout_basic, serial_shops, shop,
          minmay_misc_feat_columns
D:2:      layout_loops_ring
D:3:      layout_rooms, mainiacjoe_overflow_concentric_impassable, uniq_terence,
          uniq_jessica, uniq_natasha
D:4:      layout_rooms, lemuel_coloured_pillars_altar,
          mainiacjoe_overflow_alcove_4, bloody_makhleb,
          minmay_temple_entry_slanted, serial_shops, shop,
          nicolae_shop_gibbet_a_chance
D:5:      layout_basic
Temple:   kb_corrupted_temple

Skill      XL: |  1  2  3  4  5  6  7  8 |
---------------+-------------------------+-----
Ranged Weapons | 3 4 5 6 7 8 |  8.3
Fighting       | 2 3 4 |  4.2
Armour         | 1 |  1.0
Dodging        | 2 |  2.0
Spellcasting   | |  1.0
Hexes          | |  2.6

Action                     |  1- 3 |  4- 6 |  7- 9 || total
---------------------------+-------+-------+-------++-------
   Fire: Sling             |   153 |   124 |       ||   277
         Shortbow          |       |    27 |   112 ||   139
 Invoke: Heroism           |       |       |     1 ||     1
    Use: Scroll            |     1 |     7 |     3 ||    11
         Potion            |       |     3 |     2 ||     5
 Armour: Robe              |    24 |       |    26 ||    50
         Ring mail         |    29 |    35 |    19 ||    83
  Dodge: Dodged            |    74 |    58 |    46 ||   178

Table legend:
 A = Non-vault XP
 B = Vault XP
 C = Vault XP percentage of total XP
 D = Non-vault monster count
 E = Vault monster count
 F = Vault count percentage of total count
                 A         B        C        D         E       F
            +---------+---------+-------+---------+---------+-------
      Total |    1276 |     110 |   7.9 |      99 |       3 |   2.9
            +---------+---------+-------+---------+---------+-------
        D:1 |      38 |       0 |   0.0 |      23 |       0 |   0.0
        D:2 |      49 |       0 |   0.0 |      20 |       0 |   0.0
        D:3 |     253 |     110 |  30.3 |      28 |       3 |   9.7
        D:4 |     397 |       0 |   0.0 |      18 |       0 |   0.0
        D:5 |     539 |       0 |   0.0 |      10 |       0 |   0.0
            +---------+---------+-------+---------+---------+-------
